Map: Simulacrum LE

Players

RiSky

  • Race: Zerg Zerg
  • Spawn Location: 5:00

PartinG - Winner!

  • Race: Protoss Protoss
  • League: Master
  • Spawn Location: 11:00

VOD

Have the link to the VOD?

Description

Time

  • Played on: Jan. 6, 2020, 9:22 p.m.
  • Length: 8:07
Show
View Real Time Build Order
Export as new Build Order

RiSky Zerg 

Build Orders: Hatch First 

Get SALT Encoding   

  12  0:00  Drone  
  13  0:12  Overlord  
  13  0:17  Drone  
  14  0:30  Drone x2  
  16  0:48  Hatchery  
  15  0:51  Drone  
  15  0:54  Drone  
  17  0:58  Drone  
  18  1:08  Extractor  
  17  1:13  Spawning Pool  
  17  1:16  Drone  
  17  1:19  Drone  
  18  1:27  Drone  
  19  1:38  Drone  
  20  1:49  Overlord  
  20  2:00  Zergling x2, Queen x2  
  20  2:01  Zergling x2  
  26  2:11  Drone x2  
  28  2:22  Drone x2  
  30  2:36  Hatchery  
  29  2:40  Drone  
  29  2:44  Drone, Pneumatized Carapace  
  30  2:46  Drone  
  32  2:55  Overlord  
  32  2:56  Queen  
  33  3:00  Drone  
  34  3:07  Metabolic Boost  
  34  3:12  Drone  
  35  3:15  Drone x4  
  35  3:18  Drone x2  
  41  3:24  Overlord  
  41  3:25  Drone  
  42  3:34  Roach Warren  
  42  3:36  Drone x2  
  43  3:42  Overlord  
  43  3:45  Extractor  
  43  3:46  Extractor  
  41  3:51  Overlord x2  
  41  3:58  Drone x2  
  41  3:59  Drone x2  
  41  4:00  Drone  
  46  4:12  Drone x2  
  48  4:17  Roach x3  
  48  4:18  Roach x2  
  48  4:20  Roach  
  48  4:21  Roach x2  
  64  4:27  Overlord  
  64  4:29  Roach  
  66  4:38  Lair, Drone  
  67  4:40  Overlord  
  67  4:43  Zergling x6  
  70  4:49  Zergling x8  
  73  4:53  Zergling x4  
  73  4:58  Zergling x6  
  78  5:07  Zergling x8  
  80  5:11  Zergling x2  
  80  5:12  Zergling x2  
  70  5:25  Zergling x8  
  60  5:37  Overseer  
  58  5:43  Zergling x4  
  58  5:49  Drone x2  
  59  5:50  Drone x4  
  58  6:04  Drone x4  
  55  6:09  Drone  
  55  6:10  Glial Reconstitution  
  57  6:28  Hatchery  
  57  6:29  Drone  
  57  6:30  Drone  
  57  6:32  Ravager  
  59  6:35  Drone x2  
  59  6:39  Drone x2  
  63  6:44  Drone  
  64  6:47  Drone x2  
  64  6:50  Drone x2  
  64  6:52  Drone  
  69  6:55  Drone  
  70  7:06  Drone  
  71  7:08  Extractor, Drone  
  71  7:09  Drone  
  71  7:10  Spire, Queen  
  73  7:21  Evolution Chamber  
  73  7:22  Drone x2  
  75  7:29  Overlord  
  75  7:31  Overlord  
  75  7:34  Ravager  
  76  7:40  Ravager x6  
  81  7:48  Roach x4  
Show
View Real Time Build Order
Export as new Build Order

PartinG Protoss - Winner!

Build Orders: 1 Gate Expand, Mass Adepts 

Get SALT Encoding   

  12  0:01  Probe  
  13  0:13  Probe  
  14  0:18  Pylon  
  14  0:25  Probe (Chrono Boost)  
  15  0:37  Probe (Chrono Boost)  
  15  0:38  Gateway  
  16  0:46  Probe (Chrono Boost)  
  16  0:47  Assimilator  
  17  0:51  Probe  
  18  1:03  Probe  
  19  1:15  Probe  
  20  1:24  Nexus  
  20  1:33  Cybernetics Core  
  20  1:36  Probe  
  21  1:44  Assimilator  
  21  1:49  Probe  
  21  1:52  Pylon  
  22  2:01  Probe  
  23  2:07  Adept (Chrono Boost)  
  23  2:10  Warp Gate  
  23  2:13  Probe (Chrono Boost)  
  27  2:24  Probe (Chrono Boost)  
  27  2:28  Probe (Chrono Boost)  
  27  2:30  Stalker  
  27  2:37  Twilight Council  
  30  2:39  Probe (Chrono Boost)  
  30  2:42  Probe (Chrono Boost)  
  33  2:51  Probe (Chrono Boost)  
  33  2:52  Robotics Facility  
  33  2:56  Probe (Chrono Boost)  
  33  2:57  Probe (Chrono Boost)  
  35  3:08  Gateway x2  
  28  3:12  Resonating Glaives (Chrono Boost)  
  35  3:13  Probe x2  
  37  3:23  Gateway  
  37  3:28  Gateway  
  37  3:31  Probe  
  38  3:36  Warp Prism (Chrono Boost)  
  40  3:42  Probe  
  40  3:43  Probe  
  42  3:49  Pylon  
  42  3:51  Pylon  
  42  4:00  Adept  
  42  4:02  Adept  
  46  4:07  Adept, Observer  
  49  4:10  Probe x2  
  49  4:13  Assimilator  
  49  4:16  Pylon  
  51  4:30  Adept x5  
  61  4:33  Pylon  
  61  4:35  Probe  
  62  4:51  Adept  
  62  4:52  Adept x4  
  72  4:54  Probe  
  73  5:01  Probe  
  70  5:17  Immortal (Chrono Boost)  
  72  5:28  Adept x5  
  72  5:35  Probe x2  
  76  5:47  Probe x2  
  76  5:51  Immortal (Chrono Boost)  
  76  5:56  Adept x2  
  76  5:57  Adept  
  78  6:07  Sentry  
  78  6:10  Gateway  
  74  6:13  Gateway  
  74  6:18  Gateway  
  74  6:23  Sentry x2  
  78  6:26  Pylon  
  78  6:27  Pylon  
  78  6:29  Assimilator  
  78  6:41  Nexus  
  78  6:42  Pylon  
  78  6:45  Pylon, Immortal (Chrono Boost)  
  82  6:50  Probe x2  
  82  6:52  Observer  
  84  6:54  Sentry x2  
  84  6:55  Sentry  
  90  7:04  Adept x2  
  90  7:08  Adept x2  
  98  7:18  Adept x4  
  106  7:23  Probe x2  
  106  7:25  Forge  
  106  7:28  Adept  
  110  7:33  Pylon  
  110  7:38  Pylon  
  110  7:55  Adept x6  
Tags
 
Add a new tag
Caveats
  • Supply blocks, unpowered buildings, or Contaminate may cause inaccurate times.
  • Supply counts are checked every 10 seconds.